 Dungeon Crawl Stone Soup version 0.19.5 (webtiles) character file.

7368 Goboxel the Carver (level 10, -6/82 HPs)
             Began as a Demonspawn Gladiator on Apr 19, 2017.
             Was a Priest of Makhleb.
             Mangled by an orc warlord
             ... wielding a cursed -2 glaive
              (17 damage)
             ... on level 10 of the Dungeon.
             The game lasted 00:24:45 (9796 turns).

Goboxel the Carver (Demonspawn Gladiator)           Turns: 9796, Time: 00:24:46

Health: -6/82      AC: 10    Str: 21    XL:     10   Next: 91%
Magic:  0/16       EV: 17    Int:  6    God:    Makhleb [***...]
Gold:   486        SH:  0    Dex: 16    Spells: 0 memorised, 9 levels left

rFire  + + .     SeeInvis .     I - +4 scimitar (flame)
rCold  . . .     Gourm    .     B - +1 robe of Deumoul {rF++ MR++ Int-4} (curse)
rNeg   . . .     Faith    .     (no shield)
rPois  .         Spirit   +     D - +2 helmet
rElec  .         Reflect  .     a - +2 cloak {+Inv}
rCorr  .         Harm     .     (no gloves)
MR     ++...                    s - +0 pair of boots
Stlth  +.........               n - amulet of guardian spirit
                                (no ring)
                                (no ring)

@: mighty, invisible
A: claws 1, powered by pain 2, magic shield, sturdy frame 1
a: Minor Destruction, Lesser Servant of Makhleb, Renounce Religion


You were on level 10 of the Dungeon.
You worshipped Makhleb.
Makhleb was most pleased with you.
You were not hungry.

You visited 3 branches of the dungeon, and saw 12 of its levels.

You collected 486 gold pieces.

Inventory:

Hand Weapons
 G - a +3 falchion of protection
 I - a +4 scimitar of flaming (weapon)
Missiles
 r - a throwing net (quivered)
Armour
 a - a +2 cloak of invisibility (worn)
 s - a +0 pair of boots (worn)
 w - a +1 robe of cold resistance
 B - the cursed +1 robe of Deumoul (worn) {rF++ MR++ Int-4}
   (You found it on level 7 of the Dungeon)

   It affects your intelligence (-4).
   It greatly protects you from fire.
   It affects your resistance to hostile enchantments.
   It has a curse placed upon it.
 D - a +2 helmet (worn)
 J - the +2 robe of Liberty {rF+ rC++ Regen+ Dex-4, unknown}
   (You took it off an orc on level 10 of the Dungeon)

   It affects your dexterity (-4).
   It protects you from fire.
   It greatly protects you from cold.
   It increases your rate of regeneration.
Jewellery
 n - an amulet of guardian spirit (around neck)
Wands
 d - a wand of lightning (11/15)
 o - a wand of polymorph (9/24)
 y - a wand of acid (9/15)
Scrolls
 b - a scroll of amnesia
 e - a scroll of blinking
 i - a scroll of recharging
Potions
 c - 3 potions of agility
 g - 2 potions of haste
 l - 2 potions of flight
 m - a potion of cure mutation
 q - 2 potions of cancellation {unknown}
 t - a potion of lignification {unknown}
 u - a potion of heal wounds {unknown}
 v - a potion of ambrosia {unknown}
 z - a potion of beneficial mutation {unknown}
 C - a potion of curing
 E - 2 potions of might
Comestibles
 f - 10 bread rations
 h - 3 meat rations
 j - 2 fruits
 k - 2 chunks of flesh
 p - 9 beef jerkies
 x - 3 slices of pizza
 F - a royal jelly


   Skills:
 * Level 8.7 Fighting
 * Level 10.2 Long Blades
 - Level 1.7 Throwing
 + Level 7.5 Dodging
 + Level 8.1 Invocations


You had 9 spell levels left.
You didn't know any spells.

Dungeon Overview and Level Annotations

Branches:
Dungeon (10/15)            Temple (1/1) D:6             Orc (1/2) D:10
   Lair: D:8-11

Altars:
Cheibriados
Kikubaaqudgha
Makhleb
Nemelex Xobeh
Qazlal
Ru
Sif Muna
Trog
Uskayaw
Yredelemnul

Shops:
D:6 ?   D:9 %


Innate Abilities, Weirdness & Mutations

You have sharp fingernails.
You sometimes gain power by taking damage.
When hurt, damage is shared between your health and your magic reserves.
Your movements are slightly less encumbered by armour. (ER -2)


Message History

The orcs go into a battle-frenzy!
The orc warrior completely misses you. The orc hits you with a flail.
You climb upwards.
Welcome back to the Dungeon!
There is a staircase to the Orcish Mines, spattered with blood here.
Unknown command.
Unknown command.
Unknown command.
You feel very mighty all of a sudden. The orc warrior misses you.
The warg bites you!
The orc warlord hits you with a glaive!!
* * * LOW HITPOINT WARNING * * *
You focus on the pain.
You feel your power returning. The orc barely misses you.
You fade into invisibility!
The warg misses you.
You riposte.
You slash the warg! You burn the warg!
The warg is severely wounded.
The orc warrior hits you with a scimitar!!
* * * LOW HITPOINT WARNING * * *
The orc warlord hits you with a glaive!!
You die...

##### #oh.# #.@%# ###
...#.oo# #.# #...##'##
#######.##..# #8.8#
#...........# #...##
#........######....###
#.........##.#.......##
#.......###.#.......#.##
#.......##.............##


You could see an orc warlord, a warg, an orc warrior and an orc.

Vanquished Creatures
  Erica (D:8)
  A komodo dragon (D:10)
  A troll (D:10)
  A hornet (D:9)
  A two-headed ogre (D:10)
  A hippogriff (D:8)
  9 yaks (D:9)
  A warg (D:10)
  2 sky beasts (D:5)
  2 black bears
  A necrophage (D:10)
  3 ogres
  6 orc warriors
  An ice beast (D:6)
  3 centaurs
  7 bullfrogs
  5 killer bees (D:8)
  4 wights (D:6)
  2 vampire bats (D:7)
  3 crimson imps
  4 hounds
  An orc priest (D:9)
  Crazy Yiuf (D:6)
  2 centaur skeletons
  8 orc wizards
  3 bullfrog skeletons
  2 iguanas (D:8)
  8 worker ants
  2 hound skeletons
  A worker ant zombie (D:8)
  9 adders
  3 shadow imps
  2 oozes
  An adder skeleton (D:7)
  An adder zombie (D:10)
  3 worms
  A dart slug (D:4)
  5 leopard geckos
  47 orcs
  3 bats
  A bat skeleton (D:7)
  5 bat zombies (D:7)
  7 giant cockroaches
  9 goblins
  11 hobgoblins
  8 jackals
  5 quokkas
  2 ball pythons
  4 frilled lizards
  A jackal zombie (D:6)
  13 kobolds
  2 leopard gecko skeletons
  A quokka skeleton (D:6)
  11 rats
242 creatures vanquished.

Vanquished Creatures (collateral kills)
  An unseen horror (D:10)
1 creature vanquished.

Grand Total: 243 creatures vanquished

Notes
Turn   | Place    | Note
-------+----------+-------------------------------------------
     0 | D:1      | Goboxel the Demonspawn Gladiator began the quest for the Orb.
     0 | D:1      | Reached XP level 1. HP: 16/16 MP: 1/1
   241 | D:1      | Reached skill level 3 in Long Blades
   430 | D:1      | Gained mutation: You have sharp fingernails. [demonic ancestry]
   430 | D:1      | Reached XP level 2. HP: 22/22 MP: 2/2
  1234 | D:2      | Gained mutation: You sometimes gain a little power by taking damage. [demonic ancestry]
  1234 | D:2      | Reached XP level 3. HP: 22/28 MP: 1/3
  1783 | D:3      | Reached XP level 4. HP: 32/34 MP: 4/4
  2095 | D:3      | Found a sacrificial altar of Ru.
  2177 | D:3      | Reached skill level 4 in Long Blades
  2789 | D:4      | Reached XP level 5. HP: 20/41 MP: 3/5
  3482 | D:4      | Reached XP level 6. HP: 46/48 MP: 6/6
  3915 | D:5      | Entered Level 5 of the Dungeon
  4230 | D:5      | Reached skill level 5 in Long Blades
  4356 | D:5      | Noticed a sky beast
  4374 | D:5      | Killed a sky beast
  4695 | D:6      | Noticed a sky beast
  4708 | D:5      | Killed a sky beast
  4708 | D:5      | Reached XP level 7. HP: 47/54 MP: 5/7
  4725 | D:6      | Found Giriqev's Magic Scroll Emporium.
  4793 | D:6      | Reached skill level 6 in Long Blades
  4983 | D:6      | Found a staircase to the Ecumenical Temple.
  5038 | Temple   | Entered the Ecumenical Temple
  5057 | Temple   | Became a worshipper of Makhleb the Destroyer
  5167 | D:6      | Reached skill level 5 in Fighting
  5176 | D:6      | Reached skill level 1 in Invocations
  5178 | D:6      | Gained mutation: Your movements are slightly less encumbered by armour. (ER -2) [demonic ancestry]
  5178 | D:6      | Reached XP level 8. HP: 57/62 MP: 4/8
  5310 | D:6      | Reached skill level 5 in Dodging
  5370 | D:6      | Found a deep blue altar of Sif Muna.
  5521 | D:6      | Found a sparkling altar of Nemelex Xobeh.
  5594 | D:6      | Found a runed door.
  5598 | D:6      | Noticed Crazy Yiuf
  5607 | D:6      | Killed Crazy Yiuf
  5775 | D:7      | Found a hide-covered altar of Uskayaw.
  5776 | D:7      | Noticed a hand axe
  5776 | D:7      | Noticed a dagger
  5874 | D:7      | Reached skill level 7 in Long Blades
  5884 | D:7      | Reached * piety under Makhleb
  6260 | D:7      | Got a faintly glowing robe
  6262 | D:7      | Identified the cursed +1 robe of Deumoul {rF++ MR++ Int-4} (You found it on level 7 of the Dungeon)
  6452 | D:7      | Found an ancient bone altar of Kikubaaqudgha.
  6623 | D:8      | Gained mutation: When hurt, damage is shared between your health and your magic reserves. [demonic ancestry]
  6623 | D:8      | Reached XP level 9. HP: 60/69 MP: 8/12
  7003 | D:8      | Reached skill level 8 in Long Blades
  7075 | D:8      | Reached ** piety under Makhleb
  7110 | D:8      | Noticed Erica
  7142 | D:8      | Killed Erica
  7142 | D:8      | Reached skill level 5 in Invocations
  7712 | D:8      | Reached skill level 9 in Long Blades
  7852 | D:9      | Gained mutation: You sometimes gain power by taking damage. [demonic ancestry]
  7852 | D:9      | Reached XP level 10. HP: 65/79 MP: 10/14
  8013 | D:9      | Paralysed by a hornet for 2 turns
  8281 | D:9      | Reached *** piety under Makhleb
  8390 | D:9      | Found Nouseudgh's Food Shoppe.
  8724 | D:10     | Entered Level 10 of the Dungeon
  8944 | D:10     | Reached skill level 10 in Long Blades
  8983 | D:10     | Got a tattered robe
  8984 | D:10     | Killed an unseen horror
  9211 | D:10     | Found a staircase to the Orcish Mines.
  9585 | Orc:1    | Entered Level 1 of the Orcish Mines
  9585 | Orc:1    | Noticed an orc warlord
  9796 | D:10     | Mangled by an orc warlord

Skill      XL: |  1  2  3  4  5  6  7  8  9 10 |
---------------+-------------------------------+-----
Long Blades    | 3 4 5 6 7 9 10 | 10.2
Dodging        | 3 4 5 6 7 |  7.5
Fighting       | 3 4 5 6 7 8 |  8.7
Invocations    | 1 4 6 8 |  8.1
Throwing       | |  1.7

Action                   |  1- 3 |  4- 6 |  7- 9 | 10-12 || total
-------------------------+-------+-------+-------+-------++-------
Melee: Long sword        |    18 |     6 |       |       ||    24
       Dagger            |    84 |   188 |       |       ||   272
       Falchion          |       |    76 |   152 |       ||   228
       Great sword       |       |       |    92 |       ||    92
       Scimitar          |       |       |    71 |   188 ||   259
Invok: Minor Destruction |       |       |       |     1 ||     1
       Lesser Servant of |       |       |       |     1 ||     1
  Use: Scroll            |     3 |       |    19 |     1 ||    23
       Potion            |       |     1 |     4 |     2 ||     7
 Stab: Sleeping          |     1 |     1 |       |     2 ||     4
       Distracted        |       |     1 |       |       ||     1
  Eat: Chunk             |     2 |     7 |     9 |     5 ||    23
       Beef jerky        |       |     1 |       |       ||     1
       Meat ration       |       |       |     1 |       ||     1
Armor: Leather armour    |    23 |    69 |    32 |       ||   124
       Robe              |       |       |    85 |    58 ||   143
Dodge: Dodged            |    58 |   158 |   297 |   153 ||   666
       Rpst.: Long sword |     4 |     2 |       |       ||     6
       Falchion          |       |     8 |    31 |       ||    39
       Great sword       |       |       |    50 |       ||    50
       Scimitar          |       |       |     9 |    35 ||    44
